 Dungeon Crawl Stone Soup version 0.25-a0-294-gea9b1ad378 (webtiles) character file.

Game seed: 10539932902921232716, levelgen mode: deterministic

11481 mopl the Severer (level 11, -9/99 HPs)
             Began as a Hill Orc Monk on Dec 16, 2019.
             Was a High Priest of Beogh.
             Mangled by a komodo dragon (16 damage)
             ... on level 1 of the Lair of Beasts.
             The game lasted 00:17:44 (12094 turns).

mopl the Severer (Hill Orc Monk)                   Turns: 12094, Time: 00:17:45

Health: -9/99      AC: 13    Str: 23    XL:     11   Next: 78%
Magic:  18/18      EV: 12    Int: 10    God:    Beogh [*****.]
Gold:   566        SH:  0    Dex: 13    Spells: 10/10 levels left

rFire    + . .     SeeInvis .   a - +4 battleaxe
rCold    + . .     Gourm    +   (shield currently unavailable)
rNeg     . . .     Faith    .   n - +4 ring mail
rPois    +         Spirit   .   H - +0 helmet
rElec    .         Reflect  .   x - scarf {repulsion}
rCorr    .         Harm     .   I - +0 pair of gloves
MR       .....                  (no boots)
Stlth    +.........             m - amulet "Kiatym" {Gourm rC+ Str+5}
HPRegen  0.26/turn              L - ring of protection from fire
MPRegen  0.16/turn              P - ring of poison resistance

@: repel missiles
A: walk on water
a: Smiting, Recall Orcish Followers, Give Item to Named Follower, Renounce
Religion


You were on level 1 of the Lair of Beasts.
You worshipped Beogh.
Beogh was extremely pleased with you.
You were very hungry.

You visited 2 branches of the dungeon, and saw 12 of its levels.

You collected 753 gold pieces.
You spent 187 gold pieces at shops.

Inventory:

Hand Weapons
 a - a +4 battleaxe (weapon)
 E - a +0 hand axe
Missiles
 b - 34 poisoned darts (quivered)
 i - 4 curare-tipped darts
 D - 11 boomerangs
 J - 36 bolts
 Q - 7 datura-tipped darts
 S - 7 atropa-tipped darts
Armour
 n - a +4 ring mail (worn)
 x - a scarf of repulsion (worn)
 H - a +0 helmet (worn)
 I - a +0 pair of gloves (worn)
Jewellery
 k - an uncursed amulet of the acrobat
 m - the amulet "Kiatym" (around neck) {Gourm rC+ Str+5}
   (You found it on level 11 of the Dungeon)

   [amulet of the gourmand]

   It allows you to eat raw meat even when not hungry.
   It affects your strength (+5).
   It protects you from cold.
 L - a ring of protection from fire (left hand)
 O - an uncursed ring of magical power
 P - a ring of poison resistance (right hand)
 R - an uncursed ring of positive energy
Wands
 s - a wand of flame (1)
 z - a wand of paralysis (4)
 A - a wand of iceblast (17)
Scrolls
 e - 5 scrolls of amnesia
 f - 6 scrolls of teleportation {unknown}
 h - 8 scrolls of identify
 l - 2 scrolls of immolation {unknown}
 o - 6 scrolls of remove curse {unknown}
 q - 2 scrolls of enchant weapon {unknown}
 r - 2 scrolls of magic mapping {unknown}
 t - a scroll of vulnerability {unknown}
 v - 3 scrolls of blinking {unknown}
 y - 2 scrolls of fear {unknown}
 F - a scroll of torment {unknown}
 G - 2 scrolls of fog {unknown}
 K - a scroll of brand weapon {unknown}
Potions
 d - 2 potions of mutation {!q}
 g - 2 potions of might
 j - 2 potions of lignification {!q}
 p - 3 potions of magic
 u - 4 potions of heal wounds
 w - 2 potions of haste
 B - 8 potions of curing
 C - a potion of flight
 M - a potion of brilliance
 N - 3 potions of agility
 T - 2 potions of degeneration {unknown}
Miscellaneous
 U - a lightning rod (4/4)
Comestibles
 c - 13 rations


   Skills:
 + Level 10.1 Fighting
 + Level 15.6 Axes
 + Level 8.5 Armour
 - Level 2.4 Dodging
 - Level 1.5 Stealth
 + Level 10.2 Invocations


You had 10 spell levels left.
You didn't know any spells.
Your spell library contained the following spells:

 Spells                   Type           Power        Failure   Level  Hunger
 Infusion                 Chrm           #...         50%         1    ##.....
 Shroud of Golubria       Chrm/Tloc      #.....       63%         2    ###....
 Song of Slaying          Chrm           #.......     63%         2    ###....
 Regeneration             Chrm/Necr      #.........   86%         3    ####...
 Spectral Weapon          Hex/Chrm       #.......     86%         3    ####...
 Irradiate                Conj/Tmut      #.........   100%        5    ######.
 Hydra Form               Tmut           #.........   100%        6    #######
 Statue Form              Tmut/Erth      #........    100%        6    #######
 Dragon Form              Tmut           #.........   100%        7    #######


Dungeon Overview and Level Annotations

Branches:
Dungeon (11/15)            Temple (0/1) D:6            Lair (1/6) D:11
    Orc (0/2) D:10

Altars:
Fedhas
Gozag
Qazlal
Vehumet
Wu Jian
Zin

Shops:
D:11 *


Message History

The komodo dragon bites you.
The spiny frog stings you but does no damage.
Unknown command.
You closely miss the komodo dragon.
The komodo dragon is heavily wounded.
You barely miss the spiny frog. The komodo dragon barely misses you.
The spiny frog closely misses you.
Unknown command.
You slash the komodo dragon!
The komodo dragon is severely wounded.
You slash the spiny frog!
You kill the spiny frog!
Beogh accepts your kill. The komodo dragon bites you!!
* * * LOW HITPOINT WARNING * * *
A hippogriff comes into view.
You barely miss the komodo dragon.
The komodo dragon is severely wounded.
The komodo dragon bites you!
You die...

...###. #.##P#
........##P. .....
............ #.#.##
............ ..
##....#####........... ...
.....................
....###........####.......
.........††...............
#....@†.###..##.......
#.....l.#.#...#.......
.........................
...P.###..##............#.
.......H.................#
.......##..##...........#.
........................#.
...... ###.......#.###.##8
... ..>.......


You could see a komodo dragon and a hippogriff.

Vanquished Creatures
  A hydra (Lair:1)
  A centaur warrior (D:11)
  Pikel (D:3)
  An ugly thing (D:11)
  A spiny frog (Lair:1)
  A troll (D:9)
  Sigmund (D:5)
  3 wyverns (D:11)
  Eustachio (D:6)
  5 yaks (D:10)
  2 hungry ghosts (D:10)
  Duvessa (D:6)
  2 water moccasins
  2 porcupines (Lair:1)
  A slave (D:4)
  2 sky beasts
  2 ice beasts (D:5)
  A black bear (D:6)
  2 phantoms (D:9)
  A necrophage (D:7)
  3 centaurs
  7 ogres
  2 crocodiles
  A big kobold (D:10)
  7 bullfrogs
  Dowan (D:6)
  2 scorpions
  A troll zombie (D:10)
  16 killer bees
  6 wights (D:6)
  2 howler monkeys
  A bullfrog zombie (D:5)
  4 centaur zombies
  3 hounds
  2 centaur skeletons (D:4)
  3 orc priests
  A jelly (D:9)
  2 orc wizards
  2 bullfrog skeletons
  4 iguanas
  Natasha (thrice) (D:3)
  7 worker ants
  4 ogre zombies (D:10)
  11 gnolls
  A howler monkey skeleton (D:6)
  11 adders
  An adder zombie (D:6)
  2 dart slugs (D:1)
  5 leopard geckos
  13 orcs
  5 giant cockroaches
  4 goblins
  11 hobgoblins
  3 jackals (D:3)
  4 quokkas
  7 bats
  5 frilled lizards
  A giant cockroach zombie (D:5)
  A goblin skeleton (D:10)
  2 goblin zombies (D:10)
  2 hobgoblin zombies (D:10)
  11 kobolds
  2 orc skeletons (D:10)
  10 orc zombies (D:10)
  A quokka skeleton (D:4)
  8 rats
237 creatures vanquished.

Vanquished Creatures (collateral kills)
  A troll (D:10)
  A queen bee (D:9)
  A hornet (D:11)
  11 yaks (D:10)
  A wyvern (D:8)
  A hungry ghost (D:8)
  A vampire mosquito (D:11)
  2 water moccasins
  A phantom (D:10)
  A sky beast (D:10)
  A crocodile (D:11)
  A bullfrog (D:10)
  A scorpion (D:10)
  A wyvern skeleton (D:10)
  2 troll zombies (D:10)
  6 killer bees
  A bullfrog zombie (D:10)
  2 hounds
  An orc priest (D:10)
  3 centaur skeletons
  An iguana (D:9)
  An orc wizard (D:11)
  3 worker ants
  An ogre zombie (D:10)
  A hound skeleton (D:7)
  2 gnolls (D:9)
  A shadow imp (D:10)
  4 orcs
  A quokka (D:7)
  A hobgoblin zombie (D:10)
  An orc skeleton (D:10)
  6 orc zombies (D:10)
63 creatures vanquished.

Vanquished Creatures (others)
  3 orc warriors
  An orc priest (D:6)
  An iguana (D:4)
  4 orcs
9 creatures vanquished.

Grand Total: 309 creatures vanquished

Notes
Turn   | Place    | Note
-------+----------+-------------------------------------------
     0 | D:1      | mopl the Hill Orc Monk began the quest for the Orb.
     0 | D:1      | Reached XP level 1. HP: 19/19 MP: 1/1
   159 | D:1      | Reached XP level 2. HP: 18/26 MP: 2/2
   179 | D:1      | Reached skill level 5 in Axes
   597 | D:1      | Reached XP level 3. HP: 22/31 MP: 3/3
  1180 | D:2      | Reached skill level 6 in Axes
  1260 | D:2      | Reached XP level 4. HP: 24/39 MP: 4/4
  1919 | D:2      | Reached skill level 7 in Axes
  2135 | D:3      | Noticed Natasha
  2142 | D:3      | Killed Natasha
  2142 | D:3      | Reached XP level 5. HP: 30/45 MP: 5/5
  2147 | D:3      | Noticed Natasha
  2156 | D:3      | Killed Natasha
  2405 | D:3      | Noticed Natasha
  2419 | D:3      | Killed Natasha
  2419 | D:3      | Reached skill level 8 in Axes
  2681 | D:3      | Reached XP level 6. HP: 51/51 MP: 6/6
  2701 | D:3      | Found an ornate altar of the Wu Jian Council.
  2769 | D:3      | Reached skill level 9 in Axes
  3652 | D:4      | Noticed a slave
  3652 | D:4      | Noticed a slave
  3653 | D:4      | Noticed Pikel
  3689 | D:4      | Killed a slave
  3744 | D:3      | Killed Pikel
  3744 | D:3      | Reached skill level 11 in Axes
  3744 | D:3      | Reached XP level 7. HP: 31/57 MP: 7/7
  3962 | D:4      | Got a shimmering scale mail
  3973 | D:4      | Identified the +0 scale mail "Umuar" {rN+ Str+6 Stlth-}
                  | (You found it on level 4 of the Dungeon)
  4120 | D:4      | Reached XP level 8. HP: 64/64 MP: 8/8
  4473 | D:5      | Entered Level 5 of the Dungeon
  4523 | D:5      | Reached skill level 12 in Axes
  4771 | D:5      | Found a blossoming altar of Fedhas.
  4773 | D:5      | Found a radiant altar of Vehumet.
  4797 | D:5      | Found a stormy altar of Qazlal.
  4798 | D:5      | Found a glowing silver altar of Zin.
  4882 | D:5      | Noticed Sigmund
  4932 | D:6      | Became a worshipper of Beogh the Brigand
  4932 | D:6      | Reached * piety under Beogh
  4932 | D:6      | Reached ** piety under Beogh
  5623 | D:5      | Killed Sigmund
  5623 | D:5      | Reached skill level 4 in Fighting
  5623 | D:5      | Reached skill level 1 in Armour
  5623 | D:5      | Reached skill level 1 in Invocations
  5781 | D:6      | Reached skill level 2 in Invocations
  5974 | D:6      | Reached skill level 13 in Axes
  5974 | D:6      | Reached skill level 2 in Armour
  6470 | D:6      | Noticed Duvessa
  6473 | D:6      | Noticed Dowan
  6481 | D:6      | Killed Duvessa
  6481 | D:6      | Reached skill level 3 in Invocations
  6488 | D:6      | Killed Dowan
  6488 | D:6      | Reached XP level 9. HP: 39/73 MP: 11/11
  6672 | D:6      | Reached skill level 5 in Fighting
  6705 | D:6      | Reached skill level 3 in Armour
  6727 | D:6      | Reached skill level 4 in Invocations
  7097 | D:6      | Reached *** piety under Beogh
  7230 | D:6      | Found a staircase to the Ecumenical Temple.
  7243 | D:6      | Reached skill level 4 in Armour
  7402 | D:6      | Noticed Eustachio
  7409 | D:6      | Killed Eustachio
  7409 | D:6      | Reached skill level 6 in Fighting
  7409 | D:6      | Reached skill level 5 in Invocations
  8200 | D:8      | Reached skill level 6 in Invocations
  8292 | D:8      | Reached skill level 5 in Armour
  8497 | D:8      | Reached skill level 7 in Fighting
  8497 | D:8      | Reached skill level 14 in Axes
  8497 | D:8      | Reached XP level 10. HP: 78/85 MP: 14/14
  9266 | D:9      | Found a glowing silver altar of Zin.
  9389 | D:9      | Reached skill level 7 in Invocations
  9406 | D:9      | Reached skill level 6 in Armour
  9414 | D:9      | Reached **** piety under Beogh
  9532 | D:9      | Gained Oruk as an ally
  9841 | D:9      | Reached skill level 8 in Fighting
  9880 | D:9      | Found an opulent altar of Gozag.
 10243 | D:10     | Entered Level 10 of the Dungeon
 10278 | D:10     | Reached skill level 8 in Invocations
 10456 | D:10     | Reached skill level 7 in Armour
 10462 | D:10     | Reached XP level 11. HP: 79/95 MP: 17/17
 10480 | D:10     | Reached skill level 9 in Fighting
 10480 | D:10     | Reached skill level 15 in Axes
 10484 | D:10     | Reached skill level 9 in Invocations
 10826 | D:10     | Reached ***** piety under Beogh
 10842 | D:10     | Found a staircase to the Orcish Mines.
 11307 | D:11     | Noticed a centaur warrior
 11322 | D:11     | Killed a centaur warrior
 11358 | D:11     | Found Wutej's General Store.
 11373 | D:11     | Bought a scroll of random uselessness for 17 gold pieces
 11373 | D:11     | Bought a scroll of identify for 34 gold pieces
 11373 | D:11     | Bought a potion of curing for 51 gold pieces
 11373 | D:11     | Bought a potion of curing for 51 gold pieces
 11373 | D:11     | Bought a scroll of identify for 34 gold pieces
 11417 | D:11     | Reached skill level 8 in Armour
 11484 | D:11     | Found Quoth's Distillery.
 11522 | D:11     | Noticed a cyan ugly thing
 11529 | D:11     | Killed a cyan ugly thing
 11645 | D:11     | Found a staircase to the Lair.
 11734 | D:11     | Got a pitted emerald amulet
 11789 | D:11     | Identified the amulet "Kiatym" {Gourm rC+ Str+5} (You found
                  | it on level 11 of the Dungeon)
 11793 | D:11     | Gained Bogmar as an ally
 11970 | Lair:1   | Entered Level 1 of the Lair of Beasts
 11974 | Lair:1   | Noticed a seven-headed hydra
 11977 | Lair:1   | Killed a seven-headed hydra
 11977 | Lair:1   | Reached skill level 10 in Invocations
 12077 | Lair:1   | Reached skill level 10 in Fighting
 12094 | Lair:1   | Mangled by a komodo dragon

Levels and vault maps discovered:
D:1:      dpeg_arrival_renting, layout_rooms, serial_bayou, serial_bayou_pond_d,
          serial_bayou_pond_d, serial_bayou_pond_b, serial_bayou_pond_a,
          serial_bayou_pond_e, serial_bayou_pond_b, kennysheep_small_spiral
D:2:      minmay_angry_zag, layout_loops_ring
D:3:      layout_basic, lemuel_crystal_altar, kennysheep_generic_room_10,
          uniq_natasha
D:4:      layout_basic, kennysheep_minor_cross, uniq_pikel
D:5:      layout_loops_ring, nicolae_overflow_hidden_temple, first_ration,
          uniq_sigmund
D:6:      layout_rooms, minmay_temple_entry_metal_lava, uniq_duvessa,
          uniq_eustachio
D:7:      minmay_octagon_keep, layout_basic
D:8:      layout_loops_corners
D:9:      layout_cave_pods, overflow_temple_1_default, serial_column_ruins,
          column_ruins_temple_hall, column_ruins_open_small,
          column_ruins_open_tiny, column_ruins_grid_1, column_ruins_open_small,
          column_ruins_corridor_straight, david_nohive_1
D:10:     layout_rooms, zombieorc2_lemuel
D:11:     layout_irregular_city, lair_entry_dummy, serial_shops,
          nicolae_shop_crystal, shop_coins, kb_rosetta
Lair:1:   layout_long_grid, grunt_megastairs_3, uniq_urug

Skill      XL: |  1  2  3  4  5  6  7  8  9 10 11 |
---------------+----------------------------------+-----
Axes           | 5 6 7 8 11 13 14 15 | 15.6
Fighting       | 4 7 8 10 | 10.1
Armour         | 2 5 7 8 |  8.5
Invocations    | 3 6 8 10 | 10.2
Dodging        | |  2.4
Stealth        | |  1.5

Action                   |  1- 3 |  4- 6 |  7- 9 | 10-12 || total
-------------------------+-------+-------+-------+-------++-------
Melee: Hand axe          |   129 |   289 |   312 |       ||   730
       Unarmed           |       |     5 |       |       ||     5
       Battleaxe         |       |       |    82 |   262 ||   344
Invok: Convert to Beogh  |       |       |     1 |       ||     1
       Smiting           |       |       |       |     3 ||     3
       Recall Orcish Fol |       |       |       |     1 ||     1
Evoke: Wand              |       |       |     9 |       ||     9
  Use: Potion            |       |     1 |       |     2 ||     3
       Scroll            |       |       |     8 |     2 ||    10
 Stab: Paralysed         |       |       |    13 |       ||    13
       Distracted        |       |       |     1 |     2 ||     3
       Sleeping          |       |       |     1 |     1 ||     2
  Eat: Chunk             |     1 |     8 |    12 |    10 ||    31
       Ration            |       |       |     1 |     1 ||     2
Armor: Chain mail        |    73 |    98 |       |       ||   171
       Skin              |       |    14 |       |       ||    14
       Ring mail         |       |    13 |   126 |    85 ||   224
Dodge: Dodged            |    48 |   114 |   178 |   200 ||   540
       Deflected         |       |       |     4 |     1 ||     5

Table legend:
 A = Non-vault XP
 B = Vault XP
 C = Vault XP percentage of total XP
 D = Non-vault monster count
 E = Vault monster count
 F = Vault count percentage of total count
                 A         B        C        D         E       F
            +---------+---------+-------+---------+---------+-------
      Total |   11973 |    4429 |  27.0 |     220 |      79 |  26.4
            +---------+---------+-------+---------+---------+-------
        D:1 |      46 |       7 |  13.2 |      18 |       5 |  21.7
        D:2 |      60 |      31 |  34.1 |      14 |       4 |  22.2
        D:3 |     221 |     733 |  76.8 |      29 |       3 |   9.4
        D:4 |     148 |       0 |   0.0 |      11 |       0 |   0.0
        D:5 |     659 |     223 |  25.3 |      14 |       1 |   6.7
        D:6 |    1138 |     399 |  26.0 |      29 |       3 |   9.4
        D:7 |     409 |     296 |  42.0 |       7 |       5 |  41.7
        D:8 |     974 |       0 |   0.0 |      18 |       0 |   0.0
        D:9 |    1387 |     958 |  40.9 |      22 |      17 |  43.6
       D:10 |    3504 |     539 |  13.3 |      37 |      36 |  49.3
       D:11 |    1842 |     832 |  31.1 |      15 |       4 |  21.1
     Lair:1 |    1585 |     411 |  20.6 |       6 |       1 |  14.3
            +---------+---------+-------+---------+---------+-------
